 Dungeon Crawl Stone Soup version 0.29-a0-474-gdfe5cd140f (webtiles) character file.

Game seed: 13912886856970524937

479 siradein the Skirmisher (level 6, -4/51 HPs)
             Began as a Demonspawn Fighter on May 24, 2022.
             Was a Follower of Kikubaaqudgha.
             Slain by an iguana (12 damage)
             ... on level 4 of the Dungeon.
             The game lasted 00:09:42 (4134 turns).

siradein the Skirmisher (Demonspawn Fighter)        Turns: 4134, Time: 00:09:43

Health: -4/51      AC:  6    Str: 16    XL:     6   Next: 86%
Magic:  6/6        EV: 12    Int: 11    God:    Kikubaaqudgha [*.....]
Gold:   142        SH:  4    Dex: 13    Spells: 0/5 levels left

rFire   . . .      SeeInvis .   a - +0 flail
rCold   . . .      Faith    .   c - +0 buckler
rNeg    . . .      Spirit   .   e - +0 ring mail
rPois   .          Reflect  .   (no helmet)
rElec   .          Harm     .   (no cloak)
rCorr   .          Rampage  .   (no gloves)
Will    .....                   i - +0 pair of boots
Stlth   +.........              (no amulet)
HPRegen 0.17/turn               (no ring)
MPRegen 0.10/turn               (no ring)

@: no status effects
A: repulsion field 2, powered by death 1, demonic touch 1
a: Renounce Religion, Unearth Wretches


You were on level 4 of the Dungeon.
You worshipped Kikubaaqudgha.
Kikubaaqudgha was aware of your devotion.
You visited 1 branch of the dungeon, and saw 4 of its levels.

You collected 142 gold pieces.

Inventory:

Hand Weapons
 a - a +0 flail (weapon)
Missiles
 n - 3 poisoned darts (quivered)
Armour
 c - a +0 buckler (worn)
 e - a +0 ring mail (worn)
 i - a +0 pair of boots (worn)
Scrolls
 b - a scroll of enchant weapon {unknown}
 f - a scroll of fog {unknown}
 h - a scroll of poison
 k - a scroll of magic mapping {unknown}
 l - 2 scrolls of amnesia {unknown}
Potions
 d - a potion of heal wounds {unknown}
 g - 2 potions of berserk rage
 o - 2 potions of brilliance {unknown}
 p - 2 potions of resistance


   Skills:
 + Level 5.4 Fighting
 + Level 4.4 Maces & Flails
 - Level 2.8 Armour
 - Level 2.8 Shields
 + Level 2.8 Necromancy


You couldn't memorise any spells.
You knew the following spells:

 Your Spells              Type           Power      Damage    Failure   Level
a - Vampiric Draining     Necr           6%         2d6       63%         3
b - Sublimation of Blood  Necr           6%         N/A       38%         2

Your spell library contained the following spells:

 Spells                   Type           Power      Damage    Failure   Level
 Necrotize                Necr           24%        1d5       28%         1
 Shock                    Conj/Air       0%         1d3       65%         1
 Ensorcelled Hibernation  Hex/Ice        0%         N/A       78%         2
 Spider Form              Tmut/Pois      0%         N/A       95%         3
 Swiftness                Air            0%         N/A       95%         3
 Animate Dead             Necr           6%         N/A       95%         4
 Anguish                  Hex/Necr       1%         N/A       99%         4
 Airstrike                Air            0%         N/A       100%        4
 Hailstorm                Conj/Ice       0%         3d3       100%        4
 Ice Form                 Ice/Tmut       0%         N/A       100%        4
 Simulacrum               Ice/Necr       1%         N/A       100%        6


Dungeon Overview and Level Annotations

Branches:
Dungeon (4/15)
 Temple: D:4-7

Altars:
Hepliaklqana
Kikubaaqudgha


Innate Abilities, Weirdness & Mutations

You are surrounded by a moderate repulsion field. (EV +3)
You regenerate a little health from kills.
Your touch may inflict minor irresistible damage on your foes.


Message History

You barely miss the iguana.
The iguana is severely wounded.
The iguana bites you!
You hit the iguana but do no damage.
The iguana is severely wounded.
The iguana closely misses you.
You completely miss the iguana.
The iguana is severely wounded.
You block the iguana's attack. The iguana bites you!
You completely miss the iguana.
The iguana is severely wounded.
The iguana closely misses you.
You closely miss the iguana.
The iguana is severely wounded.
The iguana bites you.
You barely miss the iguana.
The iguana is severely wounded.
The iguana bites you!
You are too injured to fight recklessly!
You are too injured to fight recklessly!
You closely miss the iguana.
The iguana is severely wounded.
The iguana barely misses you.
You hit the iguana but do no damage.
The iguana is severely wounded.
The iguana bites you!
* * * LOW HITPOINT WARNING * * *
The iguana bites you!
* * * LOW HITPOINT WARNING * * *
You barely miss the iguana.
The iguana is severely wounded.
You block the iguana's attack.
You hit the iguana.
The iguana is almost dead.
The iguana bites you but does no damage.
You closely miss the iguana.
The iguana is almost dead.
The iguana bites you!
You die...
Kikubaaqudgha rasps: "You have failed me!
Welcome... death!"

######## #......# ## #......# #.
#......# #.
.......#########################.
#.#)...'....)..l@...[.)..........
#.#)#..#########################[
._.###..# #. .#..###..# #. #.#..#
#.# #. ......# .# #. #..#### .#
#. #..# # #† ..... #.


You could see an iguana.

Vanquished Creatures
  Grinder (D:3)
  An orc priest (D:3)
  Jessica (D:3)
  2 iguanas
  3 gnolls (D:2)
  6 adders
  5 orcs
  5 endoplasms
  4 giant cockroaches
  7 goblins
  5 hobgoblins
  A jackal (D:4)
  3 quokkas
  7 ball pythons
  3 bats (D:1)
  4 frilled lizards
  15 kobolds
  6 rats
79 creatures vanquished.

Notes
Turn   | Place    | Note
-------+----------+-------------------------------------------
     0 | D:1      | siradein the Demonspawn Fighter began the quest for the
                  | Orb.
     0 | D:1      | Reached XP level 1. HP: 18/18 MP: 1/1
   332 | D:1      | Found a faded altar of an unknown god.
   429 | D:1      | Gained mutation: Your touch may inflict minor irresistible
                  | damage on your foes. [demonic ancestry]
   429 | D:1      | Reached XP level 2. HP: 24/24 MP: 2/2
  1272 | D:2      | Gained mutation: You are surrounded by a mild repulsion
                  | field. (EV +2) [demonic ancestry]
  1272 | D:2      | Reached XP level 3. HP: 29/29 MP: 3/3
  1645 | D:2      | Gained mutation: You regenerate a little health from kills.
                  | [demonic ancestry]
  1645 | D:2      | Reached XP level 4. HP: 35/37 MP: 4/4
  1672 | D:2      | Reached skill level 4 in Fighting
  2400 | D:3      | Found an ancient bone altar of Kikubaaqudgha.
  2401 | D:3      | Noticed Jessica
  2408 | D:3      | Killed Jessica
  2417 | D:3      | Became a worshipper of Kikubaaqudgha
  2723 | D:3      | Reached XP level 5. HP: 36/43 MP: 5/5
  3062 | D:3      | Noticed Grinder
  3086 | D:3      | Killed Grinder
  3087 | D:3      | Reached skill level 5 in Fighting
  3087 | D:3      | Gained mutation: You are surrounded by a moderate repulsion
                  | field. (EV +3) [demonic ancestry]
  3087 | D:3      | Reached XP level 6. HP: 32/51 MP: 6/6
  4005 | D:4      | Reached * piety under Kikubaaqudgha
  4005 | D:4      | Received a gift from Kikubaaqudgha
  4011 | D:4      | Learned a level 3 spell: Vampiric Draining
  4014 | D:4      | Learned a level 2 spell: Sublimation of Blood
  4021 | D:4      | Found a hazy altar of Hepliaklqana.
  4134 | D:4      | Slain by an iguana

Illustrated notes

Levels and vault maps discovered:
D:1:      onia_arrival_mini_maze_b, layout_basic,
          shapermc_ecumenical_altar_mp_urbaneastern
D:2:      wander_river, layout_basic
D:3:      layout_basic, kiku_gazebo_pond_becter, uniq_jessica, uniq_grinder
D:4:      layout_basic, roderic_batcave, minmay_misc_feat_four_crosses,
          chequers_serial_rivers_room_b, minmay_ruined_shrine

Skill      XL: |  1  2  3  4  5 |
---------------+----------------+-----
Maces & Flails | 2 3 4 |  4.4
Fighting       | 4 5 |  5.4
Necromancy     | 2 |  2.8
Armour         | |  2.8
Shields        | |  2.8

Action                   |  1- 3 |  4- 6 || total
-------------------------+-------+-------++-------
Melee: Flail             |   126 |   192 ||   318
  Use: Scroll            |       |     5 ||     5
       Potion            |       |     1 ||     1
Armor: Scale mail        |    75 |    36 ||   111
       Ring mail         |       |    12 ||    12
Dodge: Dodged            |    59 |    78 ||   137
Block: Buckler           |    42 |    41 ||    83

Table legend: (Time is in decaauts)
 A = Elapsed time spent in this place.
 B = Non-inter-level travel time spent in this place.
 C = Inter-level travel time spent in this place.
 D = Time resting spent in this place.
 E = Time spent auto-exploring this place.
 F = Levels seen in this place.
 G = Mean time per level.
                   A        B        C        D        E       F      G
               +--------+--------+--------+--------+--------+-----+--------+
         Total |   4255 |   4071 |    184 |    327 |   2762 |   4 | 1063.8 |
       Dungeon |   4255 |   4071 |    184 |    327 |   2762 |   4 | 1063.8 |
               +--------+--------+--------+--------+--------+-----+--------+

Top non-repeatable levels by time:
     D:2: 1326 daAuts
     D:3: 1314 daAuts
     D:1: 1142 daAuts
     D:4: 472 daAuts
